 Dungeon Crawl Stone Soup version 0.30-a0-568-g124715a40b (webtiles) character file.

Game seed: 2017612105291719536

87 oldriver the Sneak (level 4, 0/42 HPs)
             Began as a Naga Artificer on Dec 29, 2022.
             Slain by a gnoll
             ... wielding a +0 halberd
             ... led by a gnoll bouda
              (5 damage)
             ... on level 2 of the Dungeon.
             The game lasted 00:02:32 (1492 turns).

oldriver the Sneak (Naga Artificer)                 Turns: 1492, Time: 00:02:32

Health: 0/42       AC:  3    Str: 14    XL:     4   Next: 51%
Magic:  4/4        EV: 14    Int: 11    God:
Gold:   77         SH:  0    Dex: 14    Spells: 3/3 levels left

rFire   . . .      SeeInvis +    l - +0 short sword
rCold   . . .      Faith    .    (no shield)
rNeg    . . .      Spirit   .    b - +0 leather armour
rPois   +          Reflect  .    (no helmet)
rElec   .          Harm     .    (no cloak)
rCorr   .          Rampage  .    (no gloves)
Will    .....                    (no barding)
Stlth   +++                      (no amulet)
HPRegen 0.27/turn                a - ring of flight
MPRegen 0.09/turn                p - +5 ring of evasion

@: short of breath, flying, very slow
A: AC +1, large, see invisible, deformed body, poison resistance, slowness 2,
spit poison 1, naga tail 1
a: Spit Poison


You were on level 2 of the Dungeon.
You visited 1 branch of the dungeon, and saw 2 of its levels.

You collected 77 gold pieces.

Inventory:

Hand Weapons
 l - a +0 short sword (weapon)
Armour
 b - a +0 leather armour (worn)
Jewellery
 a - a ring of flight (left hand)
 p - a +5 ring of evasion (right hand)
Wands
 c - a wand of flame (11)
 d - a wand of charming (12)
 e - a wand of iceblast (4)
Scrolls
 f - a scroll of enchant armour {unknown}
 g - a scroll of identify
 i - a scroll of noise {unknown}
 k - a scroll of magic mapping {unknown}
 o - a scroll of amnesia {unknown}
 q - a scroll of silence {unknown}
Potions
 h - a potion of mutation
 j - a potion of heal wounds {unknown}
 m - a potion of flight {unknown}
 n - a potion of curing {unknown}


   Skills:
 + Level 3.0 Fighting
 - Level 1.5 Armour
 - Level 0.7 Dodging
 + Level 4.8 Stealth
 - Level 3.0 Evocations


You had 3 spell levels left.
You didn't know any spells.
Your spell library contained the following spells:

 Spells                   Type           Power      Damage    Failure   Level
 Ensorcelled Hibernation  Hex/Ice        0%         N/A       54%         2
 Spider Form              Tmut/Pois      0%         N/A       78%         3
 Anguish                  Hex/Necr       0%         N/A       99%         4


Dungeon Overview and Level Annotations

Branches:
Dungeon (2/15)

Altars:
Hepliaklqana


Innate Abilities, Weirdness & Mutations

Your serpentine skin is tough. (AC +1)
You have supernaturally acute eyesight. (SInv)
Armour fits poorly on your strangely shaped body.
Your system is resistant to poisons. (rPois)
You cover ground very slowly.
You can spit poison.
You have a snake-like lower body.


Message History

The gnoll bouda hits you with a +0 whip.
You barely miss the gnoll bouda.
The gnoll bouda is almost dead.
Your gnoll hits the gnoll bouda from afar with a +0 halberd!
The gnoll bouda dies!
Your Fighting skill increases to level 3!
Your attacks no longer feel as feeble.
A worm comes into view.
You start resting.
The gnoll is no longer charmed.
The gnoll closely misses you.
You hit the gnoll.
The gnoll is moderately wounded.
A jackal comes into view.
The gnoll barely misses you.
The jackal barks!
You hit the gnoll but do no damage.
The gnoll is moderately wounded.
You hear a bark!
The gnoll hits you with a +0 halberd!
* * * LOW HITPOINT WARNING * * *
You hit the gnoll.
The gnoll is moderately wounded.
A giant cockroach comes into view.
The gnoll hits you with a +0 halberd.
* * * LOW HITPOINT WARNING * * *
Aiming: Spit Poison (1% risk of failure)
Press: ? - help, Shift-Dir - straight line, f/p - gnoll
Aim: a gnoll, wielding a +0 halberd (moderately wounded, 65% to hit)
The splash of poison hits the gnoll but does no damage.
The gnoll is poisoned.
The gnoll is moderately wounded.
A jackal comes into view.
The gnoll misses you.
Okay, then.
As you read the scroll labelled ZONIOTHR ASUDU, it crumbles to dust.
It is a scroll of identify.
h - a potion of mutation The jackal bites you but does no damage.
The gnoll hits you with a +0 halberd.
You die...

~~~P....#.##........PP♣♣
♣~~~...
~......##...........~~~P
♣~~#.##
#.....................PP
~~.#.
..........##........... P~
.. #........## ........h.
.........# ##...#..## .
......##.####........###..
..#..# #....#....h......w.
....# #.....).g@.....# ♣..
#.........)...## P
...##.............#
....#............##
.#.........>.#.###
K..........###...
..##......## ####..
..........# #..
..........## .


You could see a gnoll (poisoned) and 2 jackals.

Vanquished Creatures
  A gnoll (D:2)
  4 dart slugs (D:1)
  2 bats (D:1)
  2 endoplasms (D:1)
  2 giant cockroaches (D:1)
  2 goblins (D:1)
  4 hobgoblins
  3 jackals
  3 quokkas
  3 ball pythons
  3 frilled lizards
  4 kobolds (D:1)
  A rat (D:1)
34 creatures vanquished.

Vanquished Creatures (collateral kills)
  A gnoll bouda (D:2)
  A gnoll (D:2)
  3 kobolds (D:2)
  A rat (D:2)
6 creatures vanquished.

Vanquished Creatures (others)
  7 plants
7 creatures vanquished.

Grand Total: 47 creatures vanquished

Notes
Turn   | Place    | Note
-------+----------+-------------------------------------------
     0 | D:1      | oldriver the Naga Artificer began the quest for the Orb.
     0 | D:1      | Reached XP level 1. HP: 18/18 MP: 1/1
    33 | D:1      | Reached skill level 2 in Stealth
   170 | D:1      | Reached XP level 2. HP: 21/25 MP: 2/2
   256 | D:1      | Reached skill level 3 in Stealth
   455 | D:1      | Reached XP level 3. HP: 25/32 MP: 3/3
  1395 | D:2      | Reached skill level 4 in Stealth
  1464 | D:2      | Reached XP level 4. HP: 16/40 MP: 4/4
  1468 | D:2      | Found a hazy altar of Hepliaklqana.
  1492 | D:2      | Slain by a gnoll

Illustrated notes

Levels and vault maps discovered:
D:1:      ncdulo_lavacross, layout_basic, serial_bayou, serial_bayou_lake_a,
          serial_bayou_pond_d, serial_bayou_ford_a, serial_bayou_shore_b
D:2:      layout_rooms, serial_bayou, serial_bayou_crossing,
          serial_bayou_pond_c, serial_bayou_pond_d, serial_bayou_pond_c,
          basic_altar

Skill      XL: |  1  2  3  4 |
---------------+-------------+-----
Stealth        | 2 3 4 |  4.8
Fighting       | 2 3 |  3.0
Armour         | |  1.5
Dodging        | |  0.7
Evocations     | |  3.0

Action                   |  1- 3 |  4- 6 || total
-------------------------+-------+-------++-------
Melee: Club              |    45 |       ||    45
       Punch             |     1 |       ||     1
       Short sword       |    36 |     5 ||    41
 Abil: Spit Poison       |    17 |     1 ||    18
Evoke: Wand              |     8 |       ||     8
  Use: Scroll            |     1 |     1 ||     2
Armor: Leather armour    |    26 |     1 ||    27
Dodge: Dodged            |    70 |     3 ||    73

Table legend: (Time is in decaauts)
 A = Elapsed time spent in this place.
 B = Non-inter-level travel time spent in this place.
 C = Inter-level travel time spent in this place.
 D = Time resting spent in this place.
 E = Time spent auto-exploring this place.
 F = Levels seen in this place.
 G = Mean time per level.
                   A        B        C        D        E       F      G
               +--------+--------+--------+--------+--------+-----+--------+
         Total |   1915 |   1845 |     70 |     77 |   1375 |   2 |  957.5 |
       Dungeon |   1915 |   1845 |     70 |     77 |   1375 |   2 |  957.5 |
               +--------+--------+--------+--------+--------+-----+--------+

Top non-repeatable levels by time:
     D:1: 1682 daAuts
     D:2: 232 daAuts
